 Dungeon Crawl Stone Soup version 0.32-a0-871-ge202e49faa (webtiles) character file.

Game seed: 18054514309726546116

68 Autsider the Changeling (level 4, 0/48 HPs)
             Began as an Oni Shapeshifter on Mar 30, 2024.
             Was an Initiate of Qazlal.
             Slain by a jelly (3 damage)
             ... on level 3 of the Dungeon.
             The game lasted 00:04:52 (1821 turns).

Autsider the Changeling (Oni Shapeshifter)          Turns: 1821, Time: 00:04:53

Health: 0/48       AC: -13   Str: 20    XL:     4   Next: 19%
Magic:  4/4        EV:  8    Int: 11    God:    Qazlal [......]
Gold:   135        SH:  0    Dex:  8    Spells: 3/3 levels left

rFire   . .          .
                       - Unarmed
rCold   . . .        (no shield)
rNeg    . . .        a - +0 animal skin
rPois   .            (helmet currently unavailable)
rElec   .            (cloak currently unavailable)
rCorr   .            (gloves unavailable)
SInv    .            (boots unavailable)
Will    .....        (no amulet)
Stlth   +            (no ring)
HPRegen 0.28/turn    (no ring)
MPRegen 0.09/turn

%: no passive effects
@: beast-form, corroded
A: beast (slay +2), large, unfitting armour, horns 1, tough skin 1, double
potion healing, drunken brawling
a: Begin Untransformation, Renounce Religion


You were on level 3 of the Dungeon.
You worshipped Qazlal.
Qazlal was noncommittal.
You were a hulking beast.
You visited 1 branch of the dungeon, and saw 3 of its levels.

You collected 135 gold pieces.

Inventory:

Armour
 a - a +0 animal skin (worn)
Talismans
 c - a beast talisman (active)
 d - a flux talisman
Scrolls
 e - a scroll of blinking {unknown}
 f - a scroll of enchant armour {unknown}
 h - a scroll of silence {unknown}
 i - 2 scrolls of identify {unknown}
 j - a scroll of amnesia {unknown}
 l - a scroll of noise {unknown}
Potions
 b - a potion of lignification
 g - a potion of magic {unknown}
 k - 2 potions of curing {unknown}
 m - a potion of berserk rage {unknown}
 n - a potion of mutation {unknown}


   Skills:
 + Level 3.6 Fighting
 - Level 1.7 Dodging
 + Level 2.7 Unarmed Combat
 + Level 0.4 Invocations
 + Level 3.8 Shapeshifting


You had 3 spell levels left.
You didn't know any spells.
Your spell library was empty.

Dungeon Overview and Level Annotations

Branches:
Dungeon (3/15)

Altars:
Makhleb
Qazlal

Shops:
D:1 [

Annotations:
D:3 2 runed translucent doors, TidehollowSculler's ghost, amateur DrSu


Innate Abilities, Weirdness & Mutations

You are a hulking beast.
Your limbs bulge with bestial killing power. (Slay +2)
You are too large for most types of armour.
You have a pair of small horns on your head.
You have tough skin. (AC +1)
You gain doubled healing and magic from potions.
Whenever you drink a healing potion, you attack all around you.


Message History

You are too injured to fight recklessly!
You are too injured to fight recklessly!
You are too injured to fight recklessly!
The endoplasm quivers.
The endoplasm hits the fungus.
The endoplasm jiggles.
There is an open door here.
Something hits the fungus.
The fungus begins to die.
The fungus is splashed with acid.
The endoplasm hits the fungus.
The endoplasm closely misses you.
Something hits the fungus.
The fungus is splashed with acid.
The acid corrodes the fungus!
Something hits the fungus.
You hit the endoplasm but do no damage.
The endoplasm hits the fungus.
The endoplasm freezes you.
You are frozen.
* * * LOW HITPOINT WARNING * * *
Something hits the fungus.
The fungus is splashed with acid!
The fungus seems to be corroded for longer.
You hit the endoplasm. You headbutt the endoplasm.
You kill the endoplasm!
Qazlal accepts your kill.
The endoplasm hits the fungus.
You hit the jelly.
Your hands burn!
* * * LOW HITPOINT WARNING * * *
You headbutt the jelly.
The jelly is almost dead.
The endoplasm hits the fungus.
The jelly hits you.
* * * LOW HITPOINT WARNING * * *
The acid corrodes you!
You are splashed with acid!
* * * LOW HITPOINT WARNING * * *
You hit the jelly but do no damage. The acid corrodes you!
Your hands burn!
* * * LOW HITPOINT WARNING * * *
You headbutt the jelly.
The jelly is almost dead.
The endoplasm hits the fungus. x2; The jelly misses you.
You hit the jelly but do no damage.
Your hands burn!
* * * LOW HITPOINT WARNING * * *
The jelly is almost dead.
A nearby fungus withers and dies.
The jelly hits you.
You die...

..# #.# #.............. #.#
#.# #..............
#.#########.# ######.........
#...........# #.........
#.########### ########## #.#
################ ##.#
##########JJ....##.......
#..###......##JJJ.÷.÷##.######
#..##)......#h#......##.# #
#..'.)......#.#JJJP..##.# #
#..'))......#.#..J...##.# #
##.'......#'#.#PJ÷P.P##.# #
#.##.....#.#.#..J...##.# #
#####....#.#)#PP....##.######
#######.##J...÷÷##.......
###################


You could see a jelly and 4 endoplasms.

Vanquished Creatures
  2 adders (D:2)
  A dart slug (D:1)
  7 endoplasms
  A giant cockroach (D:2)
  6 hobgoblins
  4 jackals (D:1)
  A quokka (D:1)
  2 ball pythons
  6 bats
  2 frilled lizards (D:1)
  2 goblins (D:2)
  8 kobolds
  5 rats
47 creatures vanquished.

Notes
Turn   | Place    | Note
-------+----------+-------------------------------------------
     0 | D:1      | Autsider the Oni Shapeshifter began the quest for the Orb.
     0 | D:1      | Reached XP level 1. HP: 19/19 MP: 1/1
   383 | D:1      | Reached XP level 2. HP: 23/28 MP: 2/2
   451 | D:1      | Found Xogh's Antique Armour Shoppe.
   870 | D:2      | Reached XP level 3. HP: 33/36 MP: 3/3
  1480 | D:3      | Found a large runed translucent door.
  1480 | D:3      | Found a large runed translucent door.
  1483 | D:3      | Noticed TidehollowSculler's ghost (amateur DrSu)
  1484 | D:3      | Found a faded altar of an unknown god.
  1496 | D:3      | Found a stormy altar of Qazlal.
  1500 | D:3      | Found a burning altar of Makhleb.
  1535 | D:3      | Became a worshipper of Qazlal Stormbringer
  1547 | D:3      | Reached XP level 4. HP: 41/45 MP: 4/4
  1821 | D:3      | Slain by a jelly

Illustrated notes

Levels and vault maps discovered:
D:1:      dpeg_arrival_round_b, layout_loops_corners, serial_shops,
          nicolae_shop_statue_plus
D:2:      layout_basic, hangedman_decor_slide_cut, chequers_garden
D:3:      cheibrodos_fertilizer, layout_basic, jmf_multi_god_temple,
          ebering_ghost_disaster_area, ebering_ecumenical_altar_abandoned,
          minmay_joined_circles

Skill      XL: |  1  2  3 |
---------------+----------+-----
Fighting       | 2 3 |  3.6
Dodging        | |  1.7
Unarmed Combat | |  2.7
Invocations    | |  0.4
Shapeshifting  | |  3.8

Action                     |  1- 3 |  4- 6 || total
---------------------------+-------+-------++-------
  Melee: Unarmed           |    81 |    26 ||   107
         Headbutt          |     9 |     6 ||    15
         Punch             |       |     1 ||     1
   Stab: Sleeping          |     2 |       ||     2
 Armour: Animal skin       |    40 |    27 ||    67
  Dodge: Dodged            |    32 |     9 ||    41

Table legend: (Time is in decaauts)
 A = Elapsed time spent in this place.
 B = Non-inter-level travel time spent in this place.
 C = Inter-level travel time spent in this place.
 D = Time resting spent in this place.
 E = Time spent auto-exploring this place.
 F = Levels seen in this place.
 G = Mean time per level.
                   A        B        C        D        E       F      G
               +--------+--------+--------+--------+--------+-----+--------+
         Total |   1816 |   1753 |     63 |      0 |   1498 |   3 |  605.3 |
       Dungeon |   1816 |   1753 |     63 |      0 |   1498 |   3 |  605.3 |
               +--------+--------+--------+--------+--------+-----+--------+

Top non-repeatable levels by time:
     D:1: 844 daAuts
     D:2: 594 daAuts
     D:3: 377 daAuts
